 Dungeon Crawl Stone Soup version 0.18-a0-1805-g8ab820f (webtiles) character file.

6468 st0uf the Nimble (level 10, -3/79 (80) HPs)
             Began as a White Draconian Fire Elementalist on Apr 25, 2016.
             Was a Priest of Qazlal.
             Slain by a gargoyle
             ... wielding a +2 flail of protection
              (21 damage)
             ... on level 10 of the Dungeon.
             The game lasted 01:27:06 (14616 turns).

st0uf the Nimble (DrFE)                            Turns: 14616, Time: 01:27:07

HP:   -3/79 (80)    AC: 10    Str: 10    XL:     10   Next: 68%
MP:   17/28         EV: 15    Int: 20    God:    Qazlal [***...]
Gold: 87            SH:  7    Dex: 11    Spells: 2 memorised, 14 levels left

rFire  . . .     SeeInvis .       - Unarmed
rCold  + . .     Gourm    .     (armour unavailable)
rNeg   . . .     Faith    .     f - +0 buckler
rPois  +         Spirit   .     x - +2 hat
rElec  .         Dismiss  .     (no cloak)
rCorr  .         Reflect  .     (no gloves)
SustAt .         Harm     .     B - +0 pair of boots
MR     .....                    (no amulet)
Stlth  +.........               z - ring of poison resistance
                                F - ring of magical power

@: not resistant to hostile enchantments, very unstealthy
A: breathe frost, unfitting armour, cold resistance 1, no device heal 1,
cold-blooded, AC +7
a: Breathe Frost, Upheaval, Elemental Force, Renounce Religion


You were on level 10 of the Dungeon.
You worshipped Qazlal.
Qazlal was most pleased with you.
You were very hungry.

You visited 1 branch of the dungeon, and saw 11 of its levels.

You collected 447 gold pieces.
You spent 360 gold pieces at shops.

Inventory:

Hand Weapons
 m - a +1 dagger of venom
 J - the +9 dire flail of a labyrinth {drain, MP+9}
   (You found it on level 8 of the Dungeon)

   A truly terrible weapon, it drains the life of those it strikes.
   It affects your magic capacity (+9).
Armour
 f - a +0 buckler (worn)
 x - a +2 hat (worn)
 B - a +0 pair of boots (worn)
Jewellery
 z - a ring of poison resistance (right hand)
 F - a ring of magical power (left hand)
 M - an uncursed ring of sustain attributes
Wands
 i - a wand of slowing (6/48)
 p - a wand of random effects (33/48)
 s - a wand of slowing (29/48)
 A - a wand of lightning (8/15)
 H - a wand of iceblast (6/15)
 K - a wand of acid (4/15)
 Q - a wand of lightning (7/15)
Scrolls
 e - 4 scrolls of amnesia {unknown}
 h - 4 scrolls of remove curse
 j - 2 scrolls of fog {unknown}
 k - 4 scrolls of fear
 l - a scroll of teleportation {unknown}
 o - a scroll of blinking
 r - 3 scrolls of noise {unknown}
 v - 3 scrolls of immolation {unknown}
 y - 2 scrolls of enchant weapon {unknown}
 L - 2 scrolls of recharging {unknown}
 N - 3 scrolls of identify
 R - 2 scrolls of magic mapping {unknown}
 S - a scroll of acquirement {unknown}
 T - a scroll of vulnerability {unknown}
Potions
 c - 4 potions of curing
 d - 4 potions of ambrosia
 g - a potion of brilliance
 n - a potion of might
 t - a potion of magic
 u - a potion of invisibility
 w - 3 potions of flight
 C - a potion of resistance
 D - a potion of agility
 I - 2 potions of cancellation
 P - 2 potions of heal wounds
Books
 a - a book of Flames

   Spells                             Type                      Level
   a - Flame Tongue                   Conjuration/Fire             1
   b - Throw Flame                    Conjuration/Fire             2
   c - Conjure Flame                  Conjuration/Fire             3
   d - Inner Flame                    Hexes/Fire                   3
   e - Sticky Flame                   Conjuration/Fire             4
   f - Fireball                       Conjuration/Fire             5
 q - a book of the Dragon

   Spells                             Type                      Level
   a - Flame Tongue                   Conjuration/Fire             1
   b - Cause Fear                     Hexes                        4
   c - Bolt of Fire                   Conjuration/Fire             6
   d - Dragon Form                    Transmutation                7
   e - Dragon's Call                  Summoning                    9
Comestibles
 b - 6 bread rations
 E - 2 beef jerkies
 G - 2 meat rations
 O - 3 fruits


   Skills:
 + Level 4.4 Fighting
 - Level 0.8 Short Blades
 + Level 8.0 Dodging
 - Level 2.4 Stealth
 + Level 1.5 Shields
 + Level 3.4 Unarmed Combat
 + Level 6.6 Spellcasting
 + Level 5.4 Conjurations
 * Level 5.1 Transmutations
 + Level 4.3 Fire Magic
 + Level 5.9 Invocations


You had 14 spell levels left.
You knew the following spells:

 Your Spells              Type           Power        Failure   Level  Hunger
a - Flame Tongue          Conj/Fire      ####.        1%          1    None
b - Dragon Form           Trmt           ####......   100%        7    #######


Dungeon Overview and Level Annotations

Branches:
Dungeon (11/15)            Temple (0/1) D:4            Lair (0/8) D:9
    Orc (0/2) D:10

Altars:
Cheibriados
Dithmenos
Elyvilon
Gozag
Kikubaaqudgha
Qazlal
Sif Muna
Zin
Beogh

Shops:
D:4 *   D:8 !*   D:10 (   D:11 [

Annotations:
D:7 Yehuk's ghost, novice DsFi


Innate Abilities, Weirdness & Mutations

You can breathe waves of freezing cold.
You can buffet flying creatures when you breathe cold.
Your icy white scales are hard (AC +7).
Your body does not fit into most forms of armour.
Your flesh is cold resistant.
You are cold-blooded and may be slowed by cold attacks.
Potions and wands are less effective at restoring your health.


Message History

The gargoyle is heavily damaged.
Casting: Flame Tongue
Confirm with . or Enter, or press ? or * to list all spells.
Aiming: Flame Tongue
Press: ? - help, Shift-Dir - straight line, f/p - gargoyle
Aim: a gargoyle, wielding a flail of protection (heavily damaged)
The flame tongue hits the gargoyle.
The gargoyle appears unharmed.
The gargoyle is heavily damaged.
The gargoyle hurls a stone arrow at you.
The stone arrow hits you!
* * * LOW HITPOINT WARNING * * *
Casting: Flame Tongue
Confirm with . or Enter, or press ? or * to list all spells.
Aiming: Flame Tongue
Press: ? - help, Shift-Dir - straight line, f/p - gargoyle
Aim: a gargoyle, wielding a flail of protection (heavily damaged)
The flame tongue hits the gargoyle.
The gargoyle appears unharmed.
The gargoyle is heavily damaged.
The gargoyle hits you with a flail of protection!!
You die...

############ #..........# ######
#..........# #.....
#..........############# #.....
#..........#.....#.....####.....
#............)..................
##........(...............##.....
...............9.§........##.....
...............§@.........##.....
..........................#######
....##....................# #
....#........[............#
.........................##
..................#......#
.....#...........###.#..##
....<..................####
##.##...............<.....##


You could see a gargoyle.

Vanquished Creatures
  Snorg (D:10)
  Pikel (D:8)
  2 trolls
  Sigmund (D:7)
  2 hungry ghosts (D:11)
  3 orc warriors
  2 ice beasts
  2 sky beasts (D:11)
  A black bear (D:9)
  3 slaves (D:8)
  2 necrophages (D:9)
  4 ogres
  2 phantoms
  A wolf (D:8)
  8 centaurs
  A crocodile (D:9)
  A big kobold (D:11)
  4 giant frogs
  A wyvern skeleton (D:10)
  3 killer bees (D:8)
  A howler monkey (D:4)
  3 electric eels (D:9)
  A giant frog zombie (D:6)
  A centaur zombie (D:10)
  6 hounds
  4 jellies
  7 orc wizards
  A giant frog skeleton (D:4)
  9 orc priests
  Natasha (thrice) (D:2)
  Terence (D:2)
  2 iguanas (D:10)
  8 worker ants
  3 killer bee zombies
  A hound skeleton (D:10)
  A howler monkey zombie (D:9)
  Robin (D:2)
  10 gnolls
  10 adders
  A howler monkey skeleton (D:10)
  3 shadow imps
  2 oozes
  2 adder zombies
  A worm (D:2)
  6 giant geckos
  36 orcs
  2 ball pythons
  3 giant cockroaches
  16 goblins
  5 hobgoblins (D:1)
  14 jackals
  5 quokkas
  11 bats
  A giant gecko zombie (D:10)
  3 giant newts
  14 kobolds
  2 quokka zombies (D:6)
  7 rats
252 creatures vanquished.

Vanquished Creatures (others)
  An orc wizard (D:9)
1 creature vanquished.

Grand Total: 253 creatures vanquished

Notes
Turn   | Place    | Note
--------------------------------------------------------------
     0 | D:1      | st0uf the Draconian Fire Elementalist began the quest for the Orb.
     0 | D:1      | Reached XP level 1. HP: 14/14 MP: 3/3
   312 | D:1      | Reached skill level 2 in Dodging
   569 | D:1      | Reached XP level 2. HP: 20/20 MP: 1/5
  1225 | D:1      | Reached XP level 3. HP: 26/26 MP: 2/6
  1498 | D:2      | Noticed Robin
  1836 | D:2      | Killed Robin
  1836 | D:2      | Reached XP level 4. HP: 19/33 MP: 0/8
  2051 | D:2      | Noticed Natasha
  2075 | D:2      | Killed Natasha
  2249 | D:2      | Noticed Natasha
  2258 | D:2      | Killed Natasha
  2258 | D:2      | Reached skill level 1 in Fighting
  2258 | D:2      | Reached skill level 1 in Unarmed Combat
  2258 | D:2      | Reached XP level 5. HP: 11/40 MP: 9/9
  2560 | D:2      | Found a stormy altar of Qazlal.
  2569 | D:2      | Became a worshipper of Qazlal Stormbringer
  2598 | D:2      | Noticed Natasha
  2607 | D:2      | Killed Natasha
  2710 | D:2      | Reached skill level 3 in Dodging
  2962 | D:2      | Noticed Terence
  2971 | D:2      | Killed Terence
  3146 | D:3      | Reached XP level 6. HP: 40/47 MP: 11/11
  3486 | D:3      | Found a deep blue altar of Sif Muna.
  4036 | D:4      | Reached * piety under Qazlal
  4036 | D:4      | Reached skill level 1 in Invocations
  4261 | D:4      | Reached skill level 4 in Dodging
  4261 | D:4      | Your scales start taking on an icy white colour.
  4261 | D:4      | Reached XP level 7. HP: 25/56 MP: 12/12
  4261 | D:4      | Gained mutation: Your flesh is cold resistant. [White Draconian growth]
  4270 | D:4      | Learned a level 7 spell: Dragon Form
  4445 | D:4      | Found Xiocigav's General Store.
  4519 | D:4      | Found a staircase to the Ecumenical Temple.
  4681 | D:5      | Entered Level 5 of the Dungeon
  4681 | D:5      | Found a white marble altar of Elyvilon.
  5036 | D:5      | Found a snail-covered altar of Cheibriados.
  5650 | D:6      | Noticed Sigmund
  6405 | D:6      | Reached skill level 1 in Transmutations
  6434 | D:6      | Found a shadowy altar of Dithmenos.
  7099 | D:6      | Reached skill level 5 in Dodging
  7258 | D:7      | Reached XP level 8. HP: 23/62 MP: 0/13
  7385 | D:7      | Noticed Yehuk's ghost (novice DsFi)
  8250 | D:7      | Reached skill level 6 in Dodging
  8316 | D:7      | Killed Sigmund
  8432 | D:7      | Found an ancient bone altar of Kikubaaqudgha.
  8537 | D:8      | Got a blackened dire flail
  8545 | D:8      | Identified the +9 dire flail of a labyrinth {drain, MP+9} (You found it on level 8 of the Dungeon)
  8911 | D:8      | Found Gozag's Platinum Reserve.
  8912 | D:8      | Found an opulent altar of Gozag.
  9378 | D:8      | Found Tuce Dit's Distillery.
  9389 | D:8      | Gained mutation: Potions and wands are less effective at restoring your health. [potion of mutation]
  9389 | D:8      | Gained mutation: You have sharp toenails. [potion of mutation]
  9389 | D:8      | Gained mutation: Your system is resistant to poisons. [potion of mutation]
  9451 | D:8      | Reached XP level 9. HP: 70/70 MP: 15/15
  9830 | D:9      | Noticed Pikel
 10061 | D:8      | Killed Pikel
 10061 | D:8      | Reached skill level 5 in Spellcasting
 10061 | D:8      | Reached skill level 5 in Invocations
 10243 | D:9      | Noticed a troll
 10368 | D:8      | HP: 1/71 [troll (11)]
 10369 | D:8      | Killed a troll
 10793 | D:9      | Reached ** piety under Qazlal
 10796 | D:9      | Reached skill level 7 in Dodging
 11702 | D:9      | Found a staircase to the Lair.
 12138 | D:9      | Found a glowing silver altar of Zin.
 12301 | D:10     | Entered Level 10 of the Dungeon
 12359 | D:9      | Reached XP level 10. HP: 78/78 MP: 18/18
 12388 | D:10     | Found Cahotzut's Weapon Shop.
 12392 | D:10     | Noticed Snorg
 12534 | D:10     | Reached *** piety under Qazlal
 12567 | D:10     | Killed Snorg
 12830 | D:10     | Reached skill level 1 in Shields
 13200 | D:10     | Found a staircase to the Orcish Mines.
 13255 | D:10     | Found a roughly hewn altar of Beogh.
 13743 | D:11     | Reached skill level 5 in Conjurations
 14136 | D:11     | Reached skill level 5 in Transmutations
 14196 | D:11     | Reached skill level 8 in Dodging
 14261 | D:11     | Gained mutation: You are dopey. (Int -2) [mutagenic meat]
 14262 | D:11     | Gained mutation: Scrolls take you a little longer to read. [mutagenic meat]
 14263 | D:11     | Gained mutation: You have a pair of small horns on your head. [mutagenic meat]
 14326 | D:8      | Bought a potion of cure mutation for 300 gold pieces
 14326 | D:8      | Bought a potion of heal wounds for 60 gold pieces
 14326 | D:8      | Lost mutation: Scrolls take you a little longer to read. [potion of cure mutation]
 14326 | D:8      | Lost mutation: Your system is resistant to poisons. [potion of cure mutation]
 14326 | D:8      | Lost mutation: You have sharp toenails. [potion of cure mutation]
 14326 | D:8      | Lost mutation: You have a pair of small horns on your head. [potion of cure mutation]
 14326 | D:8      | Lost mutation: You are dopey. (Int -2) [potion of cure mutation]
 14422 | D:11     | Found Qilieth's Antique Armour Shop.
 14527 | D:11     | Noticed an eight-headed hydra
 14528 | D:11     | Noticed a gargoyle
 14616 | D:10     | Slain by a gargoyle

Vault maps used:
D:1:      saegor_arrival_simple_e
D:2:      lemuel_crystal_altar, kennysheep_generic_room_14, uniq_natasha,
          uniq_robin, uniq_terence
D:3:      led_sif_book
D:4:      minmay_temple_entry_statues_fountains, first_bread, serial_shops, shop
D:5:      nicolae_overflow_crystal_walls, basic_altar, minmay_holes
D:6:      grunt_dithmenos_smoke_and_mirrors, uniq_sigmund
D:7:      okawaru_ov_weapons_minmay, lemuel_round_altar, uniq_joseph
D:8:      nicolae_gozag_zags_fifth_avenue, serial_shops, shop_statue
D:9:      old_standard_altar, erik_lair_island, uniq_pikel
D:10:     minmay_orc_entry_temple_small, serial_shops, shop, uniq_snorg
D:11:     serial_shops, shop

Skill      XL: |  1  2  3  4  5  6  7  8  9 10 |
---------------+-------------------------------+-----
Dodging        | 2 3 4 5 6 7 8 |  8.0
Stealth        | 2 |  2.4
Fighting       | 1 2 3 4 |  4.4
Unarmed Combat | 1 2 3 |  3.4
Spellcasting   | 3 4 5 6 |  6.6
Conjurations   | 2 4 5 |  5.4
Fire Magic     | 4 3 4 |  4.3
Invocations    | 1 2 4 5 |  5.9
Transmutations | 1 2 3 5 |  5.1
Shields        | 1 |  1.5
Short Blades   | |  0.8

Action                   |  1- 3 |  4- 6 |  7- 9 | 10-12 || total
-------------------------+-------+-------+-------+-------++-------
Melee: Unarmed           |    92 |       |   294 |    52 ||   438
       Tailslap          |     8 |    15 |    29 |    10 ||    62
       Dagger            |       |   202 |     3 |       ||   205
 Cast: Flame Tongue      |    60 |    21 |   217 |   184 ||   482
Invok: Elemental Force   |       |       |       |     1 ||     1
 Abil: Breathe Frost     |       |       |    43 |    14 ||    57
  Use: Scroll            |       |       |    15 |     2 ||    17
       Potion            |       |       |     1 |     1 ||     2
 Stab: Sleeping          |       |     2 |       |       ||     2
  Eat: Chunk             |     4 |     8 |    20 |    12 ||    44
       Fruit             |       |       |     2 |       ||     2
       Pizza             |       |       |     1 |       ||     1
       Meat ration       |       |       |     2 |       ||     2
Armor: Skin              |    23 |    76 |   139 |    67 ||   305
Dodge: Dodged            |    69 |   142 |   324 |   148 ||   683
Block: Other             |       |     2 |    10 |       ||    12
       Buckler           |       |       |    57 |    70 ||   127
